 Dungeon Crawl Stone Soup version 0.31-a0-95-g6fa058ef04 (webtiles) character file.

Game seed: 17099225476579495672

11452 frimble the Slicer (level 11, -2/71 HPs)
             Began as an Octopode Warper on May 25, 2023.
             Was a High Priest of Cheibriados.
             Slain by a two-headed ogre
             ... wielding a +0 giant spiked club
              (21 damage)
             ... on level 11 of the Dungeon.
             The game lasted 00:24:55 (9536 turns).

frimble the Slicer (Octopode Warper)                Turns: 9536, Time: 00:24:55

Health: -2/71      AC:  1    Str: 30    XL:     11   Next: 78%
Magic:  12/20      EV: 19    Int: 30    God:    Cheibriados [*****.]
Gold:   578        SH:  0    Dex: 27    Spells: 15/22 levels left

rFire   . . .        s - +0 rapier
rCold   + . .        (no shield)
rNeg    . . .        (helmet restricted)
rPois   .            o - amulet of regeneration
rElec   .            v - +6 ring of strength
rCorr   .            G - ring of protection from cold
SInv    .            (no ring)
Will    .....        (no ring)
Stlth   +++++        (no ring)
HPRegen 1.11/turn    (no ring)
MPRegen 0.17/turn    (no ring)
                     (no ring)

%: no passive effects
@: on blink cooldown, very slow
A: almost no armour, amphibious, 8 rings, camouflage 1, gelatinous body 1,
(nimble swimmer 1), tentacles, noise suppression
a: Renounce Religion, Bend Time, Temporal Distortion, Slouch, Step From Time


You were on level 11 of the Dungeon.
You worshipped Cheibriados.
Cheibriados was extremely pleased with you.
You visited 1 branch of the dungeon, and saw 13 of its levels.
You also visited: Sewer.

You collected 578 gold pieces.

Inventory:

Hand Weapons
 i - a +2 dagger of venom
 s - a +0 rapier (weapon)
 w - a +2 dagger of draining
 y - a +1 vampiric dagger
 z - a +1 short sword of venom
Missiles
 c - 9 boomerangs of dispersal
 q - a throwing net
 t - 2 silver boomerangs (quivered)
 x - 8 boomerangs
Jewellery
 o - an amulet of regeneration (around mantle)
 v - a +6 ring of strength (left tentacle)
 G - a ring of protection from cold (right tentacle)
Wands
 a - a wand of flame (13)
 D - a wand of digging (5)
 E - a wand of roots (6)
 F - a wand of light (1)
 I - a wand of paralysis (6)
Scrolls
 b - 3 scrolls of teleportation
 f - 7 scrolls of amnesia
 g - a scroll of blinking
 j - 6 scrolls of enchant weapon
 r - a scroll of silence
 A - 2 scrolls of poison
Potions
 d - a potion of heal wounds
 e - 4 potions of might
 h - 4 potions of mutation
 k - 2 potions of cancellation
 l - 2 potions of attraction {unknown}
 m - 3 potions of invisibility {unknown}
 n - a potion of lignification {unknown}
 p - 3 potions of haste
 u - 2 potions of enlightenment
 B - a potion of brilliance {unknown}
 H - a potion of ambrosia {unknown}


   Skills:
 - Level 5.0 Fighting
 + Level 9.1 Short Blades
 - Level 0.8 Maces & Flails
 - Level 1.0 Throwing
 + Level 6.5 Dodging
 - Level 7.1 Stealth
 - Level 6.0 Spellcasting
 - Level 5.0 Translocations
 + Level 8.5 Fire Magic
 + Level 5.4 Invocations
 - Level 5.0 Evocations


You had 15 spell levels left.
You knew the following spells:

 Your Spells              Type           Power      Damage    Failure   Level
a - Blink                 Tloc           78%        N/A       1%          2
b - Apportation           Tloc           78%        N/A       1%          1
c - Sticky Flame          Conj/Fire      30%        2d5       12%         4

Your spell library contained the following spells:

 Spells                   Type           Power      Damage    Failure   Level
 Lesser Beckoning         Tloc           78%        N/A       1%          2
 Teleport Other           Tloc           39%        N/A       1%          3
 Inner Flame              Hex/Fire       30%        N/A       3%          3
 Necrotise                Necr           36%        1d5       5%          1
 Summon Small Mammal      Summ           36%        N/A       5%          1
 Kiss of Death            Conj/Necr      16%        2d6       7%          1
 Manifold Assault         Tloc           39%        N/A       7%          4
 Vhi's Electric Charge    Tloc/Air       38%        N/A       8%          3
 Ensorcelled Hibernation  Hex/Ice        8%         N/A       11%         2
 Flame Wave               Conj/Fire      30%        2d9       12%         4
 Confusing Touch          Hex            9%         N/A       16%         3
 Spider Form              Tmut/Pois      4%         N/A       22%         3
 Mephitic Cloud           Conj/Pois/Air  3%         N/A       24%         3
 Dispel Undead            Necr           9%         3d8       45%         4
 Anguish                  Hex/Necr       2%         N/A       56%         4
 Arcjolt                  Conj/Air       2%         1d12      89%         5
 Fire Storm               Conj/Fire      15%        8d4       100%        9


Dungeon Overview and Level Annotations

Branches:
Dungeon (13/15)            Temple (0/1) D:5             Orc (0/2) D:10
  Sewer (visited)
   Lair: D:8-11      Vaults: D:13-14

Altars:
Cheibriados
Hepliaklqana
Kikubaaqudgha
Okawaru
Qazlal
Vehumet
Wu Jian
Xom
Zin

Shops:
D:7 !

Annotations:
D:6 exclusion: manticore
D:9 exclusion: boulder beetle
D:10 exclusions: centaur warrior, lava snake and 2 orange demons


Innate Abilities, Weirdness & Mutations

You cannot wear most types of armour.
You are amphibious.
You can wear up to eight rings at the same time.
Your skin changes colour to match your surroundings (Stealth+).
Your rubbery body absorbs attacks. (AC +1, EV +1)
((You are camouflaged when in or above water. (Stealth+)))
You have tentacles for arms and can constrict up to eight enemies at once.
You passively dampen the noise of your surroundings.


Message History

As you read the scroll labelled FANAXIPHAR, it crumbles to dust.
It is a scroll of enchant armour.
You aren't carrying any armour which can be enchanted further.
There is an open door here.
Found a war axe.
You see here a +0 war axe.
You open the door.
There is an open door here.
You now have 578 gold pieces (gained 21).
You open the door.
There is an open door here.
A two-headed ogre comes into view.
It is wielding a +0 giant spiked club and a +0 giant club.
The two-headed ogre shouts in stereo!
The two-headed ogre misses you.
The two-headed ogre hits you with a +0 giant club!!
Casting: Blink (safe; 1% risk of failure)
Confirm with . or Enter, or press ? or * to list all spells.
You blink.
Aiming: Paralyse
Press: ? - help, Shift-Dir - straight line, f - two-headed ogre
Aim: a two-headed ogre, wielding a +0 giant spiked club and a +0 giant club (translocational energy, chance to affect: 44%)
The two-headed ogre resists with some effort.
Casting: Blink (safe; 1% risk of failure)
Confirm with . or Enter, or press ? or * to list all spells.
Aiming: Sticky Flame (dangerous; 12% risk of failure)
Press: ? - help, Shift-Dir - straight line, f/p - two-headed ogre
Aim: a two-headed ogre, wielding a +0 giant spiked club and a +0 giant club The sticky flame hits the two-headed ogre.
The two-headed ogre is lightly wounded.
The two-headed ogre is covered in liquid flames!
You feel stable enough to blink again.
The two-headed ogre burns!
The two-headed ogre hits you with a +0 giant spiked club!
The two-headed ogre hits you with a +0 giant club!!
* * * LOW HITPOINT WARNING * * *
Casting: Sticky Flame (dangerous; 12% risk of failure)
Confirm with . or Enter, or press ? or * to list all spells.
You blink.
The two-headed ogre burns!
The two-headed ogre hits you with a +0 giant spiked club!!
You die...

###### #@O§.#
#..##'## +.##8.8##
###.....##
##8.....8##
##.........## #####
.#8.........8####....
.'...........'.##....
.#8.........8#)......


You could see a two-headed ogre (burning).

Vanquished Creatures
  A centaur warrior (D:10)
  3 two-headed ogres
  A deep elf pyromancer (D:12)
  A cyclops (D:11)
  A gargoyle (D:11)
  2 komodo dragons
  Prince Ribbit (D:5)
  A wraith (D:11)
  A vampire (D:11)
  2 wyverns
  8 vampire mosquitoes
  10 yaks
  A steam dragon (D:8)
  A water moccasin (D:6)
  4 orc warriors
  2 black bears
  An ogre (D:10)
  An ice beast (D:6)
  2 centaurs (D:7)
  A phantom (D:5)
  2 kobold brigands
  Blork the orc (D:4)
  2 gnoll sergeants
  2 bullfrogs
  3 scorpions
  8 wights
  3 killer bees (D:11)
  5 howler monkeys
  3 jellies
  4 hounds
  15 orc priests
  2 gnoll boudas
  15 orc wizards
  24 gnolls
  4 river rats (Sewer)
  11 adders
  4 white imps
  An ufetubus (D:6)
  4 worms
  4 dart slugs
  76 orcs
  4 bats (D:1)
  10 endoplasms
  3 giant cockroaches
  7 goblins
  5 hobgoblins
  10 jackals
  3 quokkas (D:1)
  6 ball pythons
  7 frilled lizards
  13 kobolds
  12 rats
  2 rat zombies (D:9)
320 creatures vanquished.

Vanquished Creatures (others)
  An orc wizard (D:9)
1 creature vanquished.

Grand Total: 321 creatures vanquished

Notes
Turn   | Place    | Note
-------+----------+-------------------------------------------
     0 | D:1      | frimble the Octopode Warper began the quest for the Orb.
     0 | D:1      | Reached XP level 1. HP: 14/14 MP: 3/3
   126 | D:2      | Reached XP level 2. HP: 14/19 MP: 5/5
   172 | D:2      | Reached skill level 1 in Stealth
   313 | D:1      | Reached XP level 3. HP: 6/24 MP: 6/6
  1069 | D:2      | Learned a level 2 spell: Blink
  1075 | D:2      | Reached XP level 4. HP: 22/30 MP: 7/7
  1326 | D:3      | Learned a level 1 spell: Apportation
  1460 | D:3      | Reached XP level 5. HP: 22/35 MP: 8/8
  1556 | D:3      | Identified the +2 scale mail of Hangman {rF+ rC+}
  1687 | D:3      | Found a faded altar of an unknown god.
  1758 | D:3      | Found a snail-covered altar of Cheibriados.
  1774 | D:3      | Became a worshipper of Cheibriados the Contemplative
  1841 | D:3      | Found a hazy altar of Hepliaklqana.
  1907 | D:4      | Noticed Blork the orc
  1914 | D:4      | Learned a level 4 spell: Sticky Flame
  2041 | D:4      | You fall into a shaft and drop 1 floor!
  2041 | D:5      | Entered Level 5 of the Dungeon
  2051 | D:5      | Noticed a phantom
  2056 | D:5      | Found a glowing drain.
  2083 | D:5      | Reached XP level 6. HP: 21/42 MP: 9/9
  2088 | D:5      | HP: 2/42 [orc/+0 dagger (1)]
  2090 | D:5      | Gained mutation: You passively dampen the noise of your
                  | surroundings. [potion of mutation]
  2100 | D:5      | HP: 2/42 [orc priest/divine providence (9)]
  2103 | Sewer    | Entered a sewer
  2161 | Sewer    | Reached skill level 3 in Short Blades
  2206 | Sewer    | Reached * piety under Cheibriados
  2313 | Sewer    | Reached skill level 1 in Fire Magic
  2722 | D:5      | Noticed Prince Ribbit
  2722 | D:5      | Noticed a black bear
  2798 | D:5      | Found an ornate altar of the Wu Jian Council.
  2826 | D:6      | Reached XP level 7. HP: 45/46 MP: 10/10
  3159 | D:4      | Killed Blork the orc
  3159 | D:4      | Reached ** piety under Cheibriados
  3576 | D:5      | Killed Prince Ribbit
  3577 | D:5      | Reached skill level 1 in Invocations
  3577 | D:5      | Reached skill level 1 in Evocations
  3577 | D:5      | Reached XP level 8. HP: 37/54 MP: 7/11
  3646 | D:5      | Reached skill level 4 in Short Blades
  3646 | D:5      | Reached skill level 5 in Stealth
  3656 | D:5      | Found a staircase to the Ecumenical Temple.
  3853 | D:5      | Reached *** piety under Cheibriados
  4123 | D:6      | Noticed a manticore
  4123 | D:6      | Found a shimmering altar of Xom.
  4213 | D:6      | Got the Octavo of Battle Magic
  4263 | D:6      | Found an iron altar of Okawaru.
  4295 | D:6      | Reached skill level 5 in Translocations
  4578 | D:6      | Noticed a two-headed ogre
  4585 | D:6      | Reached skill level 5 in Dodging
  4585 | D:6      | Reached XP level 9. HP: 55/60 MP: 9/12
  4590 | D:6      | Killed a two-headed ogre
  4591 | D:6      | Reached skill level 5 in Fighting
  4591 | D:6      | Reached skill level 5 in Short Blades
  4729 | D:6      | Found an iron altar of Okawaru.
  5000 | D:7      | Found a radiant altar of Vehumet.
  5233 | D:7      | Found Ickuoch's Distillery.
  5327 | D:7      | Reached **** piety under Cheibriados
  6047 | D:8      | Noticed a komodo dragon
  6049 | D:8      | Found a glowing silver altar of Zin.
  6061 | D:8      | Killed a komodo dragon
  6062 | D:8      | Reached skill level 6 in Short Blades
  6062 | D:8      | Reached skill level 5 in Fire Magic
  6062 | D:8      | Reached skill level 5 in Evocations
  6062 | D:8      | Reached XP level 10. HP: 66/66 MP: 13/13
  6275 | D:8      | HP: 1/66 [orc priest/nerve-wracking pain (11)]
  6425 | D:8      | Found a shimmering altar of Xom.
  6764 | D:9      | Reached ***** piety under Cheibriados
  6955 | D:9      | Reached skill level 7 in Short Blades
  7018 | D:9      | Found a stormy altar of Qazlal.
  7288 | D:9      | Noticed a boulder beetle
  7494 | D:9      | Found an ancient bone altar of Kikubaaqudgha.
  7645 | D:10     | Entered Level 10 of the Dungeon
  7664 | D:10     | Noticed a centaur warrior
  7872 | D:9      | HP: 3/66 [vampire mosquito (12)]
  7946 | D:9      | Reached skill level 8 in Short Blades
  8056 | D:10     | Noticed an orange demon
  8062 | D:10     | Noticed an orange demon
  8112 | D:10     | Reached XP level 11. HP: 71/71 MP: 12/17
  8118 | D:10     | Reached ****** piety under Cheibriados
  8519 | D:10     | Reached skill level 5 in Invocations
  8527 | D:10     | Reached skill level 5 in Spellcasting
  8691 | D:10     | Found a staircase to the Orcish Mines.
  8791 | D:10     | Killed a centaur warrior
  8881 | D:11     | Noticed a cyclops
  8890 | D:11     | Killed a cyclops
  9014 | D:12     | Noticed a deep elf pyromancer
  9067 | D:13     | Noticed an eight-headed hydra
  9067 | D:13     | Noticed a catoblepas
  9106 | D:12     | Noticed a two-headed ogre
  9160 | D:12     | Noticed a two-headed ogre
  9161 | D:12     | Killed a deep elf pyromancer
  9170 | D:12     | Killed a two-headed ogre
  9237 | D:11     | Noticed a two-headed ogre
  9247 | D:11     | Killed a two-headed ogre
  9248 | D:11     | Reached skill level 9 in Short Blades
  9530 | D:11     | Noticed a two-headed ogre
  9536 | D:11     | Slain by a two-headed ogre

Illustrated notes

Levels and vault maps discovered:
D:1:      wander_arrival_estate, layout_loops_cross
D:2:      layout_basic
D:3:      layout_rooms, lemuel_crystal_altar, mainiacjoe_overflow_catwalk,
          ebering_ecumenical_altar_webs
D:4:      layout_basic, uniq_blork_the_orc
D:5:      layout_basic, nicolae_wu_jian_wuxing_cycle,
          minmay_temple_entry_water_ring, cheibrodos_sewer_entry_drain,
          uniq_prince_ribbit1
D:6:      layout_rooms, hellmonk_okawaru_the_only_friend_you_need,
          hangedman_feature_mirror
D:7:      layout_cave_pods, nicolae_vehumet_altar_sigil, serial_shops, shop
D:8:      layout_cave_pools, mainiacjoe_overflow_boulevard, xom_teletrap_fun,
          nicolae_concentric_dashed_squares_wild, st_stairs_14
D:9:      layout_loops_corners, lemuel_zombie_altar_kikubaaqudgha,
          nicolae_qazlal_scattered_showers, minmay_variable_closet
D:10:     layout_small_grid, lightli_temple_of_fire, hiddenorc1_lemuel,
          special_room [special_room_orc], kennysheep_pointless_box,
          kennysheep_decorative_pillar, minmay_beelzebubs_servants
D:11:     layout_gridville, dpeg_oklobed_lair, ebering_ghost_rock_garden,
          corexii_corridor_pit, dk_noncrumbling_4, minivault_16, uniq_harold
D:12:     minmay_the_grid_square_5x5_5x5
          [minmay_the_grid_square_5x5_eight_small,
          minmay_the_grid_square_5x5_tri_point,
          minmay_the_grid_square_5x5_lines, minmay_the_grid_square_5x5_shrine2,
          minmay_the_grid_square_5x5_longway,
          minmay_the_grid_square_5x5_beaten_path,
          minmay_the_grid_square_5x5_prize_junk,
          minmay_the_grid_square_5x5_hollow_slash,
          minmay_the_grid_square_5x5_prize_monsterx,
          minmay_the_grid_square_5x5_comb, minmay_the_grid_square_5x5_meh,
          minmay_the_grid_square_5x5_gyroscope,
          minmay_the_grid_square_5x5_prize_itemx,
          minmay_the_grid_square_5x5_shrine1,
          minmay_the_grid_square_5x5_checkered_sparse,
          minmay_the_grid_square_5x5_two_small,
          minmay_the_grid_square_5x5_prize_deathbox,
          minmay_the_grid_square_5x5_misaligned,
          minmay_the_grid_square_5x5_prize_rear_guard,
          minmay_the_grid_square_5x5_pentomino_r,
          minmay_the_grid_square_5x5_mess, minmay_the_grid_square_5x5_trominoes,
          minmay_the_grid_square_5x5_checkered_statues,
          minmay_the_grid_square_5x5_inset,
          minmay_the_grid_square_5x5_six_small], layout_irregular_city,
          feat_on_display, uniq_kirke
D:13:     layout_roguey

Skill      XL: |  1  2  3  4  5  6  7  8  9 10 11 |
---------------+----------------------------------+-----
Stealth        | 1 2 3 4 5 7 |  7.1
Dodging        | 3 4 5 6 |  6.5
Fighting       | 3 4 5 |  5.0
Short Blades   | 3 4 6 8 9 |  9.1
Translocations | 4 5 |  5.0
Fire Magic     | 1 2 3 5 7 8 |  8.5
Invocations    | 1 2 4 5 |  5.4
Evocations     | 1 3 5 |  5.0
Spellcasting   | 4 6 |  6.0
Maces & Flails | |  0.8
Throwing       | |  1.0

Action                     |  1- 3 |  4- 6 |  7- 9 | 10-12 || total
---------------------------+-------+-------+-------+-------++-------
  Melee: Short sword       |    21 |       |       |       ||    21
         Constrict         |    14 |    26 |    60 |    60 ||   160
         Tentacles         |    10 |    33 |    58 |    82 ||   183
         Flail             |    42 |       |       |       ||    42
         Dagger            |    20 |   133 |   211 |       ||   364
         Punch             |     2 |     1 |     2 |     8 ||    13
         Rapier            |       |       |    14 |   259 ||   273
  Throw: Boomerang         |     1 |       |    40 |    27 ||    68
   Cast: Blink             |       |     1 |     7 |    13 ||    21
         Apportation       |       |       |     3 |     7 ||    10
         Sticky Flame      |       |       |       |    22 ||    22
 Invoke: Slouch            |       |       |       |     4 ||     4
  Evoke: Wand              |       |       |     8 |    10 ||    18
    Use: Scroll            |     3 |     5 |     8 |     4 ||    20
         Potion            |       |     2 |     1 |     7 ||    10
   Stab: Sleeping          |     8 |    24 |    10 |     9 ||    51
         Distracted        |       |     1 |     1 |       ||     2
         Invisible         |       |       |       |     4 ||     4
 Armour: Skin              |    11 |     3 |     4 |     5 ||    23
  Dodge: Dodged            |    59 |    58 |   153 |   233 ||   503

Table legend: (Time is in decaauts)
 A = Elapsed time spent in this place.
 B = Non-inter-level travel time spent in this place.
 C = Inter-level travel time spent in this place.
 D = Time resting spent in this place.
 E = Time spent auto-exploring this place.
 F = Levels seen in this place.
 G = Mean time per level.
                   A        B        C        D        E       F      G
               +--------+--------+--------+--------+--------+-----+--------+
         Total |  13158 |  12240 |    918 |    103 |   9198 |  14 |  939.9 |
       Dungeon |  12389 |  11471 |    918 |    103 |   8754 |  13 |  953.0 |
         Sewer |    768 |    768 |      0 |      0 |    443 |   1 |  768.0 |
               +--------+--------+--------+--------+--------+-----+--------+

Top non-repeatable levels by time:
     D:9: 2008 daAuts
    D:10: 1609 daAuts
     D:7: 1364 daAuts
     D:8: 1251 daAuts
     D:5: 1226 daAuts
     D:6: 1066 daAuts
     D:4: 961 daAuts
   Sewer: 768 daAuts
     D:1: 734 daAuts
    D:11: 680 daAuts
     D:2: 597 daAuts
     D:3: 596 daAuts
    D:12: 290 daAuts
    D:13: 1 daAuts
